General information
			
			
        
        - name: BNet
 
        - type: Ladder team game (AT/RT)
 
        - host: Battle.net
 
        - saver: GOKUMaN69
 
        
map: CentaurGrove 
        - players: 4
 
        - length: 38:02
 
        - speed: Fast
 - version: 1.22 W3XP
 - replay type:  Public
 
» download(174 KB)
Players
        team 1 (winner) 
              
              
GOKUMaN69 (
pink | 63 APM | 2413 actions | 38:02)
              
 9 Paladin 
 3 Holy Light
 3 Devotion Aura
 3 Divine Shield
 
                » actions 
                
                | Assign group hotkey | 25 |  | 
| Basic commands | 4 |  | 
| Build / train | 123 |  | 
| Enter build submenu | 66 |  | 
| Enter hero's abilities submenu | 9 |  | 
| Give item / drop item | 3 |  | 
| Remove unit from queue | 12 |  | 
| Right click | 1071 |  | 
| Select / deselect | 831 |  | 
| Select group hotkey | 27 |  | 
| Use ability | 242 |  | 
                2413 total
 » units 
                
                | Peasant | 14 |  | 
| Footman | 12 |  | 
| Goblin Shredder | 1 |  | 
| Dragonhawk Rider | 15 |  | 
| Gryphon Rider | 4 |  | 
                46 total
 » upgrades
                
                | Defend | 1 |  | 
| Masonry | 2 |  | 
| Lumber Harvesting | 1 |  | 
| Animal War Training | 1 |  | 
| Cloud | 1 |  | 
| Armor | 3 |  | 
| Swords | 3 |  | 
| Magic Sentry | 1 |  | 
| Storm Hammers | 1 |  | 
                14 total
 » buildings
                
                | Altar of Kings | 1 |  | 
| Farm | 10 |  | 
| Barracks | 2 |  | 
| Scout Tower | 48 |  | 
| Arcane Tower | 4 |  | 
| Lumber Mill | 1 |  | 
| Guard Tower | 26 |  | 
| Keep | 1 |  | 
| Gryphon Aviary | 2 |  | 
| Arcane Vault | 1 |  | 
| Castle | 1 |  | 
| Blacksmith | 1 |  | 
| Town Hall | 1 |  | 
| Arcane Sanctum | 1 |  | 
                100 total
 » build order
                00:04 Altar of Kings
00:22 Farm
00:37 Barracks
00:53 Farm
01:29 Scout Tower
01:50 Farm
02:03 Arcane Tower
02:52 Farm
03:46 Barracks
04:54 Scout Tower
04:55 Lumber Mill
05:42 Scout Tower
06:38 Guard Tower
06:49 Scout Tower
06:51 Scout Tower
07:06 Farm
07:19 Guard Tower
07:20 Scout Tower
07:21 Guard Tower
07:22 Scout Tower
07:58 Guard Tower
07:59 Scout Tower
08:01 Scout Tower
08:32 Scout Tower
08:33 Guard Tower
08:37 Keep
09:33 Guard Tower
09:42 Scout Tower
11:08 Gryphon Aviary
11:09 Gryphon Aviary
12:27 Arcane Vault
13:01 Guard Tower
13:42 Farm
13:43 Farm
14:02 Scout Tower
14:03 Scout Tower
14:04 Scout Tower
14:19 Farm
14:20 Farm
14:34 Castle
14:48 Blacksmith
15:20 Guard Tower
16:00 Guard Tower
16:02 Town Hall
17:06 Farm
17:09 Scout Tower
19:37 Scout Tower
19:37 Scout Tower
19:38 Scout Tower
19:56 Scout Tower
20:42 Guard Tower
20:57 Scout Tower
21:10 Guard Tower
21:16 Arcane Sanctum
21:44 Guard Tower
21:45 Scout Tower
21:45 Scout Tower
22:01 Scout Tower
22:42 Guard Tower
22:43 Scout Tower
23:13 Guard Tower
23:58 Scout Tower
23:59 Scout Tower
24:04 Scout Tower
24:04 Scout Tower
24:27 Scout Tower
24:33 Scout Tower
24:34 Scout Tower
24:34 Scout Tower
24:35 Scout Tower
24:35 Scout Tower
24:37 Scout Tower
25:14 Scout Tower
25:24 Guard Tower
25:31 Guard Tower
25:56 Guard Tower
26:20 Guard Tower
28:29 Scout Tower
28:30 Scout Tower
29:27 Guard Tower
30:22 Scout Tower
30:35 Scout Tower
31:03 Guard Tower
31:04 Scout Tower
31:06 Guard Tower
31:09 Scout Tower
31:13 Scout Tower
31:42 Guard Tower
31:44 Scout Tower
31:45 Scout Tower
31:45 Scout Tower
32:15 Guard Tower
32:17 Guard Tower
32:17 Guard Tower
36:48 Scout Tower
37:37 Guard Tower
37:38 Scout Tower
» items
                
                | Orb of Lightning | 3 |  | 
| Scroll of Town Portal | 1 |  | 
| Ivory Tower | 3 |  | 
                7 total
  
               
              
              
Rezifut (
teal | 68 APM | 2604 actions | 38:01)
              
 8 Blademaster 
 3 Wind Walk
 3 Critical Strike
 1 Bladestorm
 1 Mirror Image
 
                » actions 
                
                | Assign group hotkey | 91 |  | 
| Basic commands | 4 |  | 
| Build / train | 73 |  | 
| Enter build submenu | 28 |  | 
| Enter hero's abilities submenu | 8 |  | 
| Give item / drop item | 6 |  | 
| Remove unit from queue | 5 |  | 
| Right click | 1306 |  | 
| Select / deselect | 424 |  | 
| Select group hotkey | 548 |  | 
| Use ability | 111 |  | 
                2604 total
 » units 
                
                | Peon | 9 |  | 
| Grunt | 7 |  | 
| Troll Batrider | 18 |  | 
| Goblin Shredder | 1 |  | 
| Goblin Zeppelin | 1 |  | 
                36 total
 » upgrades
                
                | Berserker Strength | 1 |  | 
| Armor | 1 |  | 
| Ranged Weapons | 1 |  | 
                3 total
 » buildings
                
                | Altar of Storms | 2 |  | 
| Orc Burrow | 4 |  | 
| War Mill | 1 |  | 
| Barracks | 2 |  | 
| Stronghold | 1 |  | 
| Voodoo Lounge | 4 |  | 
| Watch Tower | 6 |  | 
| Beastiary | 5 |  | 
| Fortress | 1 |  | 
                26 total
 » build order
                00:05 Altar of Storms
00:15 Orc Burrow
00:39 War Mill
01:29 Barracks
01:54 Barracks
02:11 Orc Burrow
03:42 Stronghold
04:36 Orc Burrow
04:51 Voodoo Lounge
04:55 Voodoo Lounge
05:13 Orc Burrow
06:51 Watch Tower
06:55 Watch Tower
07:28 Watch Tower
07:41 Watch Tower
08:22 Beastiary
08:23 Beastiary
08:35 Beastiary
09:09 Watch Tower
09:11 Watch Tower
09:27 Beastiary
10:56 Beastiary
13:41 Fortress
31:21 Altar of Storms
34:23 Voodoo Lounge
34:26 Voodoo Lounge
» items
                
                | Healing Salve | 3 |  | 
| Lesser Clarity Potion | 5 |  | 
| Scroll of Speed | 1 |  | 
| Boots of Speed | 1 |  | 
| Orb of Lightning | 1 |  | 
| Potion of Lesser Invulnerability | 3 |  | 
| Dust of Appearance | 1 |  | 
| Circlet of Nobility | 2 |  | 
| Scroll of Town Portal | 1 |  | 
                18 total
  
               team 2 (loser) 
              
              
heyepic (
orange | 57 APM | 2159 actions | 38:01)
              
 7 Blademaster 
 3 Wind Walk
 3 Critical Strike
 1 Bladestorm
 
                » actions 
                
                | Assign group hotkey | 165 |  | 
| Basic commands | 109 |  | 
| Build / train | 87 |  | 
| ESC pressed | 2 |  | 
| Enter build submenu | 33 |  | 
| Enter hero's abilities submenu | 7 |  | 
| Give item / drop item | 7 |  | 
| Right click | 856 |  | 
| Select / deselect | 389 |  | 
| Select group hotkey | 290 |  | 
| Use ability | 214 |  | 
                2159 total
 » units 
                
                | Peon | 10 |  | 
| Wind Rider | 12 |  | 
| Troll Batrider | 18 |  | 
                40 total
 » upgrades
                
                | Armor | 3 |  | 
| Ranged Weapons | 3 |  | 
| Envenomed Spears | 1 |  | 
| Reinforced Defenses | 1 |  | 
                8 total
 » buildings
                
                | Altar of Storms | 1 |  | 
| Orc Burrow | 6 |  | 
| Voodoo Lounge | 1 |  | 
| War Mill | 1 |  | 
| Stronghold | 1 |  | 
| Watch Tower | 18 |  | 
| Beastiary | 2 |  | 
| Fortress | 1 |  | 
| Great Hall | 2 |  | 
                33 total
 » build order
                00:08 Altar of Storms
00:21 Orc Burrow
00:37 Voodoo Lounge
01:26 War Mill
01:42 Orc Burrow
02:51 Stronghold
03:05 Watch Tower
03:56 Watch Tower
05:00 Watch Tower
05:14 Beastiary
05:18 Beastiary
05:30 Watch Tower
06:09 Orc Burrow
07:54 Fortress
08:08 Orc Burrow
13:06 Orc Burrow
13:13 Orc Burrow
15:02 Watch Tower
15:04 Watch Tower
15:06 Watch Tower
15:09 Watch Tower
26:32 Great Hall
26:33 Watch Tower
26:35 Watch Tower
26:36 Watch Tower
26:38 Watch Tower
28:52 Great Hall
28:54 Watch Tower
28:56 Watch Tower
28:59 Watch Tower
30:24 Watch Tower
30:29 Watch Tower
30:31 Watch Tower
» items
                
                | Healing Salve | 4 |  | 
| Lesser Clarity Potion | 5 |  | 
| Scroll of Speed | 1 |  | 
| Boots of Speed | 1 |  | 
| Staff of Teleportation | 1 |  | 
| Potion of Healing | 8 |  | 
| Scroll of Town Portal | 2 |  | 
| Tiny Great Hall | 1 |  | 
| Orb of Lightning | 1 |  | 
| Potion of Lesser Invulnerability | 2 |  | 
| Potion of Mana | 2 |  | 
| Scroll of Healing | 1 |  | 
                29 total
  
               
              
              
PRONESS[ACOA] (
purple | 62 APM | 2373 actions | 38:01)
              
 8 Blademaster 
 3 Wind Walk
 3 Critical Strike
 1 Bladestorm
 1 Mirror Image
 
                » actions 
                
                | Assign group hotkey | 14 |  | 
| Basic commands | 32 |  | 
| Build / train | 119 |  | 
| Enter build submenu | 33 |  | 
| Enter hero's abilities submenu | 8 |  | 
| Give item / drop item | 10 |  | 
| Right click | 1230 |  | 
| Select / deselect | 523 |  | 
| Select group hotkey | 87 |  | 
| Use ability | 317 |  | 
                2373 total
 » units 
                
                | Peon | 34 |  | 
| Wind Rider | 9 |  | 
| Troll Batrider | 23 |  | 
| Raider | 12 |  | 
| Demolisher | 4 |  | 
                82 total
 » upgrades
                
                | Ranged Weapons | 2 |  | 
| Envenomed Spears | 1 |  | 
| Armor | 2 |  | 
| Reinforced Defenses | 1 |  | 
| Ensnare | 1 |  | 
| Pillage | 1 |  | 
| Melee Weapons | 1 |  | 
                9 total
 » buildings
                
                | Altar of Storms | 1 |  | 
| Orc Burrow | 5 |  | 
| War Mill | 1 |  | 
| Voodoo Lounge | 1 |  | 
| Watch Tower | 16 |  | 
| Stronghold | 1 |  | 
| Beastiary | 3 |  | 
| Fortress | 1 |  | 
| Great Hall | 4 |  | 
| Barracks | 2 |  | 
                35 total
 » build order
                00:10 Altar of Storms
00:23 Orc Burrow
00:51 War Mill
01:05 Voodoo Lounge
02:04 Watch Tower
02:26 Watch Tower
03:06 Stronghold
03:48 Watch Tower
04:12 Watch Tower
04:50 Watch Tower
04:53 Watch Tower
05:18 Watch Tower
05:34 Beastiary
05:37 Beastiary
05:39 Orc Burrow
05:41 Orc Burrow
07:36 Orc Burrow
08:14 Fortress
08:48 Great Hall
10:53 Orc Burrow
15:52 Great Hall
19:13 Great Hall
19:41 Beastiary
21:45 Watch Tower
21:48 Watch Tower
21:50 Watch Tower
22:01 Watch Tower
22:16 Watch Tower
22:37 Watch Tower
22:41 Watch Tower
31:38 Barracks
31:42 Barracks
32:23 Great Hall
34:54 Watch Tower
34:56 Watch Tower
» items
                
                | Healing Salve | 4 |  | 
| Lesser Clarity Potion | 6 |  | 
| Scroll of Speed | 1 |  | 
| Boots of Speed | 1 |  | 
| Staff of Teleportation | 1 |  | 
| Orb of Lightning | 1 |  | 
| Scroll of Town Portal | 1 |  | 
                15 total
  
                Chat log
          (00:05 / All) PRONESS[ACOA]: LOL THESE GUYS
(00:07 / All) PRONESS[ACOA]: FUCKIN TERRIBLE
(00:09 / All) heyepic: LMFAO
(00:10 / All) heyepic: I KNOW
(00:12 / All) PRONESS[ACOA]: THEY TRY TO
(00:13 / All) PRONESS[ACOA]: PROTO
(00:14 / All) PRONESS[ACOA]: BUT THEY
(00:15 / All) PRONESS[ACOA]: LIKE
(00:16 / All) heyepic: LMFAO
(00:16 / All) PRONESS[ACOA]: DONT WIN
(00:17 / All) PRONESS[ACOA]: LOL
(00:18 / All) PRONESS[ACOA]: HAHAHAHHAA
(00:22 / All) heyepic: TRASH
(00:28 / All) GOKUMaN69: manner please
(00:32 / All) heyepic: STFU COCK
(00:44 / All) heyepic: WTF PINK
(00:51 / All) heyepic: THE BUILD ORDER IS ALTAR BARRACKS THEN UR FARM
(00:58 / All) heyepic: U GOT IT ALL WRONG
(01:03 / All) GOKUMaN69: map hack much?
(01:06 / All) heyepic: ?
(01:15 / All) heyepic: WHATS MAP HACK
(01:23 / All) PRONESS[ACOA]: CLAN TOWA
(01:24 / All) PRONESS[ACOA]: AND GOKU
(01:25 / All) PRONESS[ACOA]: IS SO
(01:26 / All) PRONESS[ACOA]: BAD
(01:27 / All) heyepic: LOL
(01:27 / All) PRONESS[ACOA]: JESUS...
(01:36 / All) heyepic: FILTHY NEWBS
(01:45 / All) GOKUMaN69: u can see the map
(01:46 / All) PRONESS[ACOA]: ITS LIKE
(01:52 / All) heyepic: }WHAT?
(01:53 / All) PRONESS[ACOA]: PARALYSIS
(01:54 / All) PRONESS[ACOA]: AND DOWN SYNDROME
(01:56 / All) PRONESS[ACOA]: AT THE SAME TIME
(02:01 / All) heyepic: LOL
(02:03 / All) heyepic: SAD
(02:48 / All) PRONESS[ACOA]: PINK THINKS HES SONKIE
(02:51 / All) PRONESS[ACOA]: WITH MILITIA CREEPING LOL
(03:42 / All) heyepic: GG
(03:43 / All) PRONESS[ACOA]: LOL
(03:47 / All) GOKUMaN69: map jacl
(03:59 / All) PRONESS[ACOA]: U GONNA
(04:00 / All) PRONESS[ACOA]: REVIVE IT
(04:00 / All) PRONESS[ACOA]: TEAL
(04:01 / All) PRONESS[ACOA]: ?
(04:02 / All) PRONESS[ACOA]: OR WTF
(04:02 / All) PRONESS[ACOA]: LOL
(04:04 / All) heyepic: LOL
(04:07 / All) heyepic: LMFAO
(04:20 / All) heyepic: TEAL WENT PAL...
(04:20 / All) heyepic: WTF
(04:23 / All) heyepic: I MEAN PINK
(04:24 / All) heyepic: LOL
(04:54 / All) PRONESS[ACOA]: DOUBLE
(04:55 / All) PRONESS[ACOA]: THE TOWERS
(04:56 / All) PRONESS[ACOA]: THEY ARE MASSING
(05:22 / All) PRONESS[ACOA]: ACTUALLY
(05:24 / All) PRONESS[ACOA]: MAKE THAT TRIPLE
(05:24 / All) PRONESS[ACOA]: LOL
(05:57 / All) PRONESS[ACOA]: NICE BASE PINK
(05:59 / All) PRONESS[ACOA]: ITS EXCELLENT LOL
(07:59 / All) heyepic: FUCK
(08:01 / All) heyepic: TEAL IS GOOD
(08:07 / All) Rezifut: thx
(08:08 / All) PRONESS[ACOA]: NOT TODAY
(08:10 / All) PRONESS[ACOA]: JUNIOR
(08:29 / All) heyepic: GOD U SUCK
(08:30 / All) heyepic: ROFL
(08:50 / All) Rezifut: you just said i was good or are you talking to pink??? (he sux)
(08:56 / All) heyepic: PINK SUCKS
(08:56 / All) PRONESS[ACOA]: HI
(13:34 / All) heyepic: THIS TEAM IS GOOD
(13:34 / All) heyepic: LOL
(14:03 / All) heyepic: WHY DID THEY MAKE TWRS ROFL
(14:22 / All) PRONESS[ACOA]: LOL
(14:22 / All) PRONESS[ACOA]: RAPED
(14:43 / All) heyepic: }NOT GONNA LIUE, U SUCK
(14:59 / All) GOKUMaN69: why u caps LOCk
(16:49 / All) heyepic: WAIT FOR ME
(17:04 / All) heyepic: GG
(17:05 / All) heyepic: LEAVE
(17:06 / All) heyepic: FILTH
(17:44 / All) heyepic: DIUE NIGGER
(18:51 / All) heyepic: FUCK
(18:51 / All) PRONESS[ACOA]: PROS
(18:52 / All) PRONESS[ACOA]: RETREAT
(18:55 / All) heyepic: IM ALMOST OUT OF GOLD
(18:56 / All) heyepic: LOL
(19:04 / All) GOKUMaN69: lol
(19:06 / All) GOKUMaN69: LOL
(19:23 / All) Rezifut: sound like that kid in fourth grade
(19:26 / All) heyepic: LOL
(20:15 / All) heyepic: O NO
(20:16 / All) heyepic: LOL
(21:21 / All) heyepic: RETARDS
(22:38 / All) Rezifut: y wud you attack your own stuff
(25:02 / All) GOKUMaN69: hacking the map
(25:03 / All) GOKUMaN69: pro
(26:38 / All) PRONESS[ACOA]: AFKJAOSFJASKLJF
(26:40 / All) Rezifut: learn how to control a hero its dota
(26:57 / All) heyepic: HACKERS
(29:55 / All) heyepic: RAPED
(31:48 / All) heyepic: FIN
(32:24 / All) heyepic: U LOST LOL
(32:30 / All) GOKUMaN69: ok
(32:32 / All) heyepic: HACKERS DOWN
(33:50 / All) heyepic: NOOBS
(34:41 / All) heyepic: HACKERS DOWN
(37:46 / All) GOKUMaN69: why not talk now?
(37:52 / All) PRONESS[ACOA]: CUZ WE R BORED
(37:53 / All) PRONESS[ACOA]: OF UR
(37:54 / All) PRONESS[ACOA]: GAYNESS
(37:56 / All) heyepic: SHIT A ELECTRICAL POWER SURGE